 Dungeon Crawl Stone Soup version 0.18-a0-1225-g5d63bca (webtiles) character file.

1579 ololoev the Destroyer (level 8, 0/41 HPs)
             Began as a Deep Elf Fire Elementalist on Feb 3, 2016.
             Hit by a stone thrown by an orc warrior (10 damage)
             ... on level 6 of the Dungeon.
             The game lasted 00:25:36 (2515 turns).

ololoev the Destroyer (Deep Elf Fire Elementalist)  Turns: 2515, Time: 00:25:37

Health: 0/41       AC:  4    Str:  5    XL:     8   Next: 60%
Magic:  2/21       EV: 16    Int: 23    God:
Gold:   130        SH:  0    Dex: 22    Spells: 5 memorised, 5 levels left

rFire  + + .     SeeInvis .     a - +10 spear of Bul Vako {holy, rF++ Dex+4 Stlth-}
rCold  + . .     Gourm    .     r - +0 robe
rNeg   . . .     Faith    .     (no shield)
rPois  .         Spirit   .     (no helmet)
rElec  .         Dismiss  .     (no cloak)
rCorr  .         Reflect  .     e - +1 pair of gloves {Dex+3}
SustAt .         Harm     .     (no boots)
MR     .....                    (no amulet)
Stlth  ++........               l - ring of flight
                                h - ring of protection from cold

@: not resistant to hostile enchantments, unstealthy
A: no striking features
a: Evoke Flight

Inventory:

Hand Weapons
 a - the +10 spear of Bul Vako (weapon) {holy, rF++ Dex+4 Stlth-}
   (You found it on level 4 of the Dungeon)

   It has been blessed by the Shining One to cause great damage to the undead
   and demons.
   It affects your dexterity (+4).
   It greatly protects you from fire.
   It makes you less stealthy.
Missiles
 g - 7 curare-tipped needles
Armour
 e - a +1 pair of gloves of dexterity (worn)
 r - a +0 robe (worn)
Jewellery
 h - a ring of protection from cold (left hand)
 l - a ring of flight (right hand)
Wands
 d - a wand of digging (13/24)
 k - a wand of lightning (9/15)
 n - a wand of teleportation (6/9)
Scrolls
 i - a scroll of remove curse
 j - a scroll of recharging
Books
 b - a book of Flames

   Spells                             Type                      Level
   a - Flame Tongue                   Conjuration/Fire             1
   b - Throw Flame                    Conjuration/Fire             2
   c - Conjure Flame                  Conjuration/Fire             3
   d - Inner Flame                    Hexes/Fire                   3
   e - Sticky Flame                   Conjuration/Fire             4
   f - Fireball                       Conjuration/Fire             5
Miscellaneous
 m - a plain deck of destruction
Comestibles
 c - 3 bread rations
 f - a meat ration
 o - 3 chunks of flesh
 p - a beef jerky


   Skills:
 + Level 4.3 Dodging
 - Level 2.4 Stealth
 + Level 7.4 Spellcasting
 * Level 8.1 Conjurations
 + Level 6.5 Fire Magic


You had 5 spell levels left.
You knew the following spells:

 Your Spells              Type           Power        Failure   Level  Hunger
a - Flame Tongue          Conj/Fire      #####        1%          1    None
b - Conjure Flame         Conj/Fire      #####...     1%          3    None
c - Sticky Flame          Conj/Fire      #####...     4%          4    ###....
d - Fireball              Conj/Fire      #####.....   12%         5    #####..
e - Inner Flame           Hex/Fire       ###.....     8%          3    None


You were on level 6 of the Dungeon.
You were not hungry.

You visited 1 branch of the dungeon, and saw 6 of its levels.

You collected 130 gold pieces.

..# ..# # #.#
#.#.. .# #.#.#
.# # ##.#.# .#
#.####..#h# ..
..........# #
##
#......#####.#
#..(...(.)o.#
##...@...##.#
##.###### #)#
#.# #.# #.#
#.# #.###
#...#

Notes
Turn   | Place    | Note
--------------------------------------------------------------
     0 | D:1      | ololoev the Deep Elf Fire Elementalist began the quest for the Orb.
     0 | D:1      | Reached XP level 1. HP: 10/10 MP: 6/6
   234 | D:1      | Reached XP level 2. HP: 15/15 MP: 4/8
   387 | D:3      | Found a sacrificial altar of Ru.
   497 | D:2      | Noticed Ijyb
   586 | D:2      | Killed Ijyb
   586 | D:2      | Reached XP level 3. HP: 6/19 MP: 0/10
   591 | D:2      | Learned a level 3 spell: Conjure Flame
   595 | D:2      | Learned a level 3 spell: Inner Flame
   612 | D:2      | Found an ancient bone altar of Kikubaaqudgha.
   655 | D:3      | Found a glowing golden altar of the Shining One.
   758 | D:4      | Reached skill level 4 in Spellcasting
   758 | D:4      | Reached XP level 4. HP: 17/24 MP: 2/12
   764 | D:4      | Learned a level 4 spell: Sticky Flame
   828 | D:4      | Found a radiant altar of Vehumet.
   828 | D:4      | Noticed a charred statue
   957 | D:4      | Got an encrusted spear
   958 | D:4      | Identified the +10 spear of Bul Vako {holy, rF++ Dex+4 Stlth-} (You found it on level 4 of the Dungeon)
  1101 | D:4      | Reached XP level 5. HP: 18/28 MP: 8/13
  1199 | D:4      | Found a white marble altar of Elyvilon.
  1292 | D:4      | Noticed Sigmund
  1302 | D:4      | Killed Sigmund
  1302 | D:4      | Reached skill level 5 in Spellcasting
  1302 | D:4      | Reached skill level 5 in Conjurations
  1302 | D:4      | Reached skill level 5 in Fire Magic
  1302 | D:4      | Reached XP level 6. HP: 25/32 MP: 3/16
  1370 | D:5      | Entered Level 5 of the Dungeon
  1378 | D:5      | Got an encrusted rapier
  1379 | D:5      | Lost strength.
  1379 | D:5      | Identified the cursed +0 rapier "Kilamei" {flame, rPois rN++ MR+ Str-5} (You found it on level 5 of the Dungeon)
  1497 | D:5      | Reached XP level 7. HP: 34/36 MP: 11/17
  1515 | D:5      | Reached skill level 6 in Conjurations
  1798 | D:5      | Found a snail-covered altar of Cheibriados.
  1808 | D:5      | Found a glowing silver altar of Zin.
  1919 | D:5      | Learned a level 5 spell: Fireball
  2041 | D:5      | Reached skill level 7 in Conjurations
  2055 | D:5      | Reached XP level 8. HP: 29/41 MP: 11/19
  2148 | D:5      | Noticed Edmund
  2157 | D:5      | Killed Edmund
  2182 | D:5      | Found a sparkling altar of Nemelex Xobeh.
  2382 | D:6      | Found Asapnira's Antique Weapon Shop.
  2474 | D:6      | Noticed Grinder
  2482 | D:6      | Killed Grinder
  2482 | D:6      | Reached skill level 8 in Conjurations
  2515 | D:6      | Hit by a stone thrown by an orc warrior

Dungeon Overview and Level Annotations

Branches:
Dungeon (6/15)
 Temple: D:4-7

Altars:
Cheibriados
Elyvilon
Kikubaaqudgha
Nemelex Xobeh
Ru
Vehumet
Zin
The Shining One

Shops:
D:6 (

Annotations:
D:4 exclusion: statue


Message History

The jackal bites you. The jackal closely misses you.
You barely miss the jackal. The jackal closely misses you.
A jackal comes into view.
You barely miss the jackal. The jackal bites you. The jackal misses you.
You barely miss the jackal. You hit the jackal.
The jackal is almost dead.
The jackal misses you. The jackal closely misses you. x2
You hit the jackal.
You kill the jackal!
The jackal bites you. The jackal closely misses you.
An orc warrior comes into view. It is wielding a trident.
You hit the jackal.
You kill the jackal!
You puncture the orc!
You kill the orc!
The orc warrior misses you.
An orc priest comes into view.
Attack whom?
Press: ? - help, Dir - move target cursor, f - orc warrior
Aim: an orc warrior, wielding a trident, wearing a chain mail and wearing a dented malachite amulet You reach to attack!
You closely miss the orc warrior. The orc warrior barely misses you.
The orc priest moves out of view.
The orc warrior throws a stone.
The stone misses you.
Casting: Flame Tongue
Confirm with . or Enter, or press ? or * to list all spells.
Aiming: Fireball
Press: ? - help, Shift-Dir - straight line, f/p - orc warrior
Aim: an orc warrior, wielding a trident, wearing a chain mail and wearing a dented malachite amulet The fireball explodes!
The fireball engulfs the orc warrior.
The orc warrior is lightly wounded.
The fireball engulfs the orc priest.
The orc priest is almost dead.
The orc warrior throws a stone.
The stone hits you!
Unknown command.
A jackal comes into view.
The jackal barks!
The orc warrior throws a stone.
The stone barely misses you.
The orc warrior throws a stone.
The stone hits you!
You die...

You could see an orc warrior and a jackal.

Vanquished Creatures
  Grinder (D:6)
  Sigmund (D:4)
  Edmund (D:5)
  An ice beast (D:5)
  An ogre (D:5)
  A centaur (D:5)
  A scorpion (D:5)
  A centaur zombie (D:5)
  3 crimson imps
  A giant frog zombie (D:5)
  A jelly (D:5)
  2 hounds
  2 orc priests
  A giant frog skeleton (D:5)
  4 orc wizards
  Ijyb (D:2)
  8 worker ants
  A killer bee zombie (D:6)
  2 adders
  2 shadow imps
  2 oozes
  2 adder zombies (D:5)
  A worm (D:4)
  2 giant geckos
  21 orcs
  A giant cockroach (D:4)
  2 goblins
  3 hobgoblins
  3 jackals
  3 quokkas
  2 ball pythons (D:1)
  5 bats
  A giant gecko zombie (D:6)
  3 giant newts
  A quokka zombie (D:6)
  4 rats
92 creatures vanquished.

Vanquished Creatures (others)
  A ball python skeleton (D:4)
1 creature vanquished.

Grand Total: 93 creatures vanquished

Action                   |  1- 3 |  4- 6 |  7- 9 || total
-------------------------+-------+-------+-------++-------
Melee: Dagger            |     4 |    14 |       ||    18
       Spear             |       |    31 |    64 ||    95
 Cast: Flame Tongue      |    56 |    23 |    30 ||   109
       Sticky Flame      |       |     6 |     5 ||    11
       Conjure Flame     |       |     3 |     7 ||    10
       Fireball          |       |       |     6 ||     6
       Inner Flame       |       |       |     3 ||     3
  Use: Potion            |       |     3 |     1 ||     4
       Scroll            |       |     3 |     7 ||    10
 Stab: Sleeping          |     1 |     1 |     2 ||     4
  Eat: Chunk             |       |     3 |     4 ||     7
       Beef jerky        |       |       |     1 ||     1

Vault maps used:
D:1:      dpeg_arrival_oval
D:2:      nicolae_overflow_crystal_walls, makhleb_heckhound_becter,
          uniq_jessica, uniq_iyjb, uniq_terence
D:3:      nicolae_overflow_hidden_temple, lemuel_crystal_altar,
          marbit_many_paths, nicolae_qazlal_style_of_elements, first_bread,
          uniq_robin
D:4:      elyvilon_altar_4, vehumet_statue, uniq_blork_the_orc, uniq_sigmund
D:5:      minitemple, nemelex_deck, uniq_edmund
D:6:      serial_shops, nicolae_shop_behind_doors, uniq_grinder
